Map: Vaani Research Station (Void)

Players

Nathanias

  • Race: Terran Terran
  • Spawn Location: 12:00

Bly - Winner!

  • Race: Zerg Zerg
  • League: Grandmaster
  • Spawn Location: 6:00

Event: NationWars IV

VOD

Have the link to the VOD?

Description

Time

  • Played on: Dec. 23, 2016, 3:03 p.m.
  • Length: 16:24
Show
View Real Time Build Order
Export as new Build Order

Nathanias Terran 

Build Orders: Hellion Opening 

Get SALT Encoding   

  12  0:01  SCV  
  13  0:13  SCV  
  14  0:18  Supply Depot  
  14  0:25  SCV  
  15  0:31  Refinery  
  15  0:40  SCV  
  16  0:49  Barracks  
  16  0:52  SCV  
  17  1:04  SCV  
  18  1:16  SCV  
  19  1:29  SCV  
  20  1:37  Reaper  
  21  1:43  Orbital Command  
  21  1:57  Command Center  
  21  2:07  Factory  
  21  2:10  SCV  
  21  2:13  Barracks Reactor  
  22  2:23  SCV  
  22  2:24  Supply Depot  
  23  2:46  SCV, Refinery  
  24  2:58  Starport, SCV  
  25  2:59  Hellion x2  
  25  3:03  Barracks Tech Lab  
  29  3:06  Supply Depot  
  29  3:11  Orbital Command  
  29  3:17  SCV  
  30  3:29  Hellion  
  30  3:30  Hellion  
  34  3:42  Viking  
  36  3:49  SCV x2  
  36  3:50  Fusion Core  
  38  3:57  Hellion x2  
  38  4:01  SCV  
  36  4:10  SCV  
  36  4:13  SCV  
  38  4:22  SCV  
  39  4:25  SCV  
  39  4:28  Hellion x2  
  44  4:37  SCV  
  46  4:41  Battlecruiser  
  46  4:44  SCV  
  52  4:49  SCV  
  47  4:56  SCV  
  47  4:57  Hellion x2  
  50  5:04  SCV  
  50  5:05  Command Center  
  50  5:08  SCV  
  51  5:15  Refinery  
  51  5:16  SCV  
  51  5:18  Refinery  
  54  5:21  Hellion  
  54  5:28  Hellion, Supply Depot, SCV x2  
  58  5:35  Supply Depot  
  64  5:50  SCV, Battlecruiser  
  64  5:51  SCV  
  64  5:54  Supply Depot  
  66  6:01  Weapon Refit  
  66  6:03  SCV x2  
  68  6:15  SCV  
  73  6:20  SCV  
  73  6:23  SCV  
  73  6:24  Widow Mine x2  
  75  6:30  SCV  
  76  6:36  Orbital Command, SCV  
  75  6:42  Factory  
  75  6:43  SCV  
  75  6:45  Factory  
  72  6:48  SCV  
  71  6:55  SCV  
  71  6:56  Battlecruiser  
  71  7:01  SCV  
  77  7:04  Widow Mine x2  
  77  7:07  SCV x2  
  83  7:13  SCV  
  84  7:19  SCV  
  86  7:24  Orbital Command  
  86  7:25  SCV  
  87  7:30  Supply Depot x2  
  87  7:31  SCV  
  87  7:37  SCV  
  87  7:42  Engineering Bay  
  87  7:43  Supply Depot, SCV  
  87  7:49  SCV  
  88  7:52  Factory Tech Lab x2  
  88  7:56  SCV  
  83  8:00  Widow Mine x2  
  83  8:01  SCV, Battlecruiser  
  95  8:08  SCV  
  95  8:13  SCV  
  95  8:15  Siege Tank x2  
  102  8:20  SCV  
  102  8:25  SCV  
  104  8:32  SCV  
  105  8:37  SCV  
  106  8:44  Missile Turret, SCV  
  106  8:45  Missile Turret  
  106  8:46  Missile Turret  
  101  9:05  Hellion, Siege Tank, Battlecruiser  
  101  9:06  Orbital Command  
  101  9:08  Supply Depot x2  
  112  9:18  Armory  
  112  9:19  Armory  
  106  9:36  Hellion x2, Missile Turret x2, Siege Tank  
  113  9:40  SCV x2  
  113  9:41  SCV  
  116  9:52  SCV x2  
  118  9:55  SCV  
  119  10:00  Refinery  
  119  10:02  Missile Turret, Refinery  
  119  10:04  Hellion x2, SCV x2, Siege Tank  
  128  10:07  SCV  
  125  10:16  SCV x2  
  125  10:19  SCV  
  120  10:25  Siege Tank  
  120  10:28  SCV x2  
  106  10:32  SCV  
  108  10:36  Missile Turret, Siege Tank  
  108  10:37  Missile Turret  
  108  10:38  Terran Ship Weapons Level 1  
  108  10:39  Terran Vehicle And Ship Armor Level 1  
  108  10:40  SCV  
  112  10:46  Widow Mine x2  
  116  10:50  Supply Depot  
  116  10:56  Supply Depot  
  116  10:57  Command Center, Supply Depot  
  116  10:58  Supply Depot  
  116  11:01  SCV  
  116  11:02  Supply Depot, SCV  
  116  11:03  Supply Depot  
  118  11:06  SCV  
  119  11:13  Missile Turret, SCV  
  119  11:15  Missile Turret  
  119  11:18  SCV  
  121  11:20  Command Center  
  121  11:26  SCV, Siege Tank x2  
  121  11:27  Hellion x2  
  121  11:30  SCV  
  121  11:32  Missile Turret x2  
  127  11:35  Missile Turret x3  
  127  11:38  SCV  
  128  11:41  Battlecruiser  
  128  11:42  SCV  
  128  11:46  Starport x2  
  135  11:50  SCV  
  136  11:54  SCV  
  136  11:57  Hellion x2  
  141  12:02  SCV  
  141  12:06  Hellion x2  
  142  12:16  Command Center  
  142  12:18  Hellion  
  142  12:20  Hellion x3  
  146  12:26  Infernal Pre-Igniter  
  146  12:36  Terran Ship Weapons Level 2, Siege Tank x2  
  152  12:44  Hellion x2  
  150  12:58  Starport Tech Lab  
  150  13:04  Planetary Fortress  
  148  13:06  Starport Tech Lab  
  148  13:07  Missile Turret  
  148  13:09  Missile Turret  
  148  13:10  Missile Turret, Refinery x2  
  148  13:12  SCV x2  
  148  13:16  Missile Turret x2  
  148  13:23  Missile Turret x2  
  148  13:24  SCV  
  148  13:26  Siege Tank x2  
  158  13:27  Hellion x2  
  158  13:28  SCV  
  160  13:36  SCV  
  160  13:37  Missile Turret  
  160  13:40  SCV  
  162  13:48  SCV  
  159  13:53  SCV  
  160  14:00  SCV  
  158  14:05  SCV, Battlecruiser  
  163  14:12  SCV  
  137  14:17  SCV  
  137  14:18  Hellion x2, Siege Tank  
  137  14:24  Missile Turret, SCV  
  133  14:26  Missile Turret  
  133  14:29  Command Center x2, SCV  
  131  14:31  Hellion  
  131  14:34  Missile Turret  
  131  14:36  SCV  
  126  14:40  Hellion x2  
  126  14:41  SCV  
  125  14:48  SCV  
  125  14:50  Hellion  
  124  14:53  SCV  
  124  14:55  Siege Tank  
  134  15:02  SCV  
  135  15:09  SCV  
  135  15:10  Missile Turret  
  135  15:11  Siege Tank  
  132  15:14  SCV  
  132  15:17  Missile Turret  
  132  15:18  Hellion  
  125  15:26  Hellion, SCV  
  125  15:27  Siege Tank  
  132  15:33  Supply Depot  
  131  15:42  Command Center  
  133  15:43  Siege Tank  
Show
View Real Time Build Order
Export as new Build Order

Bly Zerg - Winner!

Build Orders: Hatch First 

Get SALT Encoding   

  12  0:01  Drone  
  13  0:16  Overlord  
  13  0:19  Drone  
  14  0:35  Drone x2  
  16  0:38  Drone  
  17  0:56  Hatchery  
  16  1:06  Drone x2  
  16  1:08  Extractor  
  17  1:20  Spawning Pool  
  17  1:22  Drone  
  17  1:31  Extractor  
  16  1:33  Drone  
  16  1:34  Drone  
  18  1:45  Drone  
  19  1:52  Extractor  
  19  1:53  Overlord  
  19  2:08  Queen x2  
  19  2:14  Extractor  
  23  2:15  Metabolic Boost  
  23  2:18  Drone x2  
  25  2:32  Drone x4  
  25  2:35  Extractor  
  29  2:38  Drone  
  30  2:56  Overlord  
  30  2:57  Hatchery  
  29  3:02  Zergling x2  
  29  3:03  Zergling x4  
  29  3:05  Zergling x2  
  33  3:13  Queen  
  33  3:19  Drone x4  
  39  3:23  Drone  
  39  3:25  Drone  
  41  3:41  Zergling x6  
  44  3:45  Overlord  
  44  3:48  Overlord  
  40  4:04  Drone x3  
  40  4:05  Drone x2  
  40  4:08  Drone x2  
  45  4:11  Drone  
  45  4:14  Queen  
  48  4:18  Drone  
  48  4:21  Lair  
  48  4:23  Overlord  
  49  4:26  Overlord  
  49  4:28  Extractor  
  48  4:34  Extractor, Roach Warren  
  46  4:40  Drone x2  
  47  4:52  Drone x3  
  48  4:53  Drone x6  
  53  5:03  Drone x4  
  53  5:06  Overlord  
  56  5:09  Overlord  
  56  5:19  Extractor  
  56  5:20  Roach x2  
  56  5:21  Roach  
  61  5:27  Spire  
  60  5:30  Hatchery  
  60  5:34  Roach x4  
  67  5:38  Drone x3  
  67  5:42  Spore Crawler  
  69  5:52  Drone x3  
  69  5:54  Overlord  
  69  5:55  Spore Crawler  
  70  6:00  Queen  
  70  6:02  Drone x2  
  73  6:07  Drone x2  
  73  6:09  Spore Crawler  
  73  6:11  Spore Crawler  
  71  6:20  Drone x4  
  71  6:21  Drone x2  
  77  6:27  Roach x3  
  74  6:43  Drone x3  
  74  6:44  Drone x4  
  80  6:52  Spore Crawler  
  78  6:59  Corruptor  
  78  7:00  Corruptor  
  80  7:05  Corruptor  
  80  7:06  Corruptor  
  84  7:14  Spore Crawler  
  81  7:24  Corruptor  
  81  7:25  Corruptor x3  
  87  7:31  Corruptor  
  90  7:37  Drone x5  
  90  7:38  Glial Reconstitution  
  94  7:49  Drone x2  
  96  7:55  Overlord x3  
  96  7:56  Overlord x2  
  96  8:11  Overlord x2  
  96  8:25  Drone x15  
  107  8:33  Drone x3  
  110  8:34  Zerg Flyer Weapons Level 1  
  108  8:57  Corruptor  
  108  8:58  Corruptor x6  
  118  9:03  Drone  
  118  9:04  Extractor, Drone x8  
  104  9:27  Corruptor x4  
  104  9:29  Hatchery  
  109  9:35  Extractor, Queen x2  
  109  9:36  Extractor x2, Zergling x2  
  109  9:37  Zergling x20  
  121  9:45  Zergling x10  
  124  9:48  Overseer  
  124  9:55  Roach x4  
  119  10:27  Corruptor x6  
  122  10:37  Infestation Pit  
  117  10:47  Roach  
  117  10:48  Roach x8  
  135  10:52  Drone x3  
  135  10:53  Drone x3  
  141  11:02  Hatchery  
  140  11:13  Drone x2  
  140  11:14  Drone x9  
  140  11:16  Zergling x2  
  140  11:17  Zergling x8  
  140  11:18  Hive  
  147  11:25  Drone x2  
  147  11:26  Drone x2  
  147  11:29  Corruptor  
  147  11:30  Extractor  
  150  11:45  Drone x8  
  158  11:59  Spore Crawler x2  
  158  12:00  Extractor, Spore Crawler  
  138  12:07  Hatchery  
  127  12:12  Hydralisk Den  
  125  12:15  Evolution Chamber  
  125  12:18  Hatchery  
  125  12:19  Spine Crawler  
  122  12:24  Overlord x5  
  122  12:25  Overlord x2  
  122  12:29  Roach x4  
  130  12:41  Hydralisk x10  
  130  12:43  Muscular Augments  
  150  12:44  Zerg Missile Weapons Level 1, Viper x4  
  150  12:50  Drone  
  150  12:51  Drone x3  
  163  12:56  Drone x3  
  163  12:57  Viper x2  
  168  13:00  Drone x3  
  169  13:20  Hydralisk x8  
  183  13:38  Roach x8  
  190  13:50  Ravager x3  
  193  13:57  Overseer x3  
  162  14:15  Hydralisk x4  
  168  14:17  Drone x6  
  171  14:28  Hatchery  
  165  14:35  Hydralisk  
  165  14:36  Hydralisk x6  
  177  14:49  Drone x4  
  177  14:50  Drone x3  
  177  14:51  Drone x3  
  185  15:00  Hatchery  
  185  15:04  Roach x4  
  185  15:05  Roach  
  182  15:17  Hydralisk x7  
  196  15:25  Hydralisk  
  196  15:26  Hydralisk x2  
  194  15:36  Hydralisk x3  
  196  15:47  Drone x3  
  200  16:14  Hatchery  
Tags
 
Add a new tag
Caveats
  • Supply blocks, unpowered buildings, or Contaminate may cause inaccurate times.
  • Supply counts are checked every 10 seconds.